 Dungeon Crawl Stone Soup version 0.30-a0-339-g89bb51ec76 (webtiles) character file.

Game seed: 1890460029182785287

1887 Muataran the Fighter (level 9, -14/97 HPs)
             Began as an Ogre Berserker on Oct 31, 2022.
             Was a Believer of Trog.
             Killed by divine providence
             ... invoked by an orc priest
              (16 damage)
             ... on level 6 of the Dungeon.
             The game lasted 00:11:56 (6243 turns).

Muataran the Fighter (Ogre Berserker)               Turns: 6243, Time: 00:11:56

Health: -14/97     AC:  8    Str: 23 (25) XL:     9   Next: 14%
Magic:  9/9        EV: 10    Int:  8 (10) God:    Trog [**....]
Gold:   222        SH:  0    Dex:  5 (8)  Spells: 8/8 levels left

rFire   . . .      SeeInvis .    a - +0 giant club
rCold   . . .      Faith    .    (shield currently unavailable)
rNeg    . . .      Spirit   .    r - +0 robe
rPois   .          Reflect  .    e - +0 hat {Stlth+}
rElec   .          Harm     .    q - +0 cloak
rCorr   +          Rampage  .    (gloves unavailable)
Will    .....                    (boots unavailable)
Stlth   ++........               (no amulet)
HPRegen 0.36/turn                y - +4 ring of protection
MPRegen 0.11/turn                k - ring of resist corrosion

@: mighty, on berserk cooldown
A: large, unfitting armour, tough skin 1
a: Renounce Religion, Berserk, Trog's Hand


You were on level 6 of the Dungeon.
You worshipped Trog.
Trog was pleased with you.
You visited 1 branch of the dungeon, and saw 6 of its levels.

You collected 222 gold pieces.

Inventory:

Hand Weapons
 a - a +0 giant club (weapon)
Missiles
 h - 3 javelins (quivered)
Armour
 e - a +0 hat of stealth (worn)
 q - a +0 cloak (worn)
 r - a +0 robe (worn)
Jewellery
 k - a ring of resist corrosion (right hand)
 y - a +4 ring of protection (left hand)
Wands
 o - a wand of flame (47)
 u - a wand of iceblast (7)
Scrolls
 d - a scroll of vulnerability {unknown}
 f - 2 scrolls of fog {unknown}
 g - 9 scrolls of identify {unknown}
 l - 3 scrolls of teleportation {unknown}
 s - a scroll of torment {unknown}
 t - a scroll of fear {unknown}
 v - a scroll of enchant weapon {unknown}
 w - 2 scrolls of enchant armour {unknown}
 x - a scroll of acquirement {unknown}
 A - a scroll of blinking {unknown}
Potions
 b - a potion of mutation {unknown}
 c - a potion of flight {unknown}
 i - a potion of lignification {unknown}
 j - a potion of degeneration
 m - a potion of brilliance {unknown}
 n - a potion of might
 p - a potion of heal wounds {unknown}
 z - a potion of curing {unknown}


   Skills:
 + Level 8.4 Fighting
 * Level 6.3 Maces & Flails
 + Level 5.2 Throwing
 - Level 2.6 Armour
 + Level 4.9 Dodging


You had 8 spell levels left.
You didn't know any spells.
Your spell library was empty.

Dungeon Overview and Level Annotations

Branches:
Dungeon (6/15)
 Temple: D:4-7

Altars:
Cheibriados
Fedhas
Gozag
Kikubaaqudgha
Makhleb
Vehumet

Shops:
D:3 (


Innate Abilities, Weirdness & Mutations

You are too large for most types of armour.
You have tough skin. (AC +1)


Message History

* * * LOW HITPOINT WARNING * * *
Something hits you but does no damage.
Okay, then.
You miss something. Something hits you.
* * * LOW HITPOINT WARNING * * *
Something hits you but does no damage.
You miss something.
Something hits you but does no damage. x2
You miss something.
Something hits you but does no damage. x2
The orc priest casts a cantrip, but nothing happens.
You closely miss something.
The orc priest begins to cast a cantrip, but forgets the words!
Something hits you but does no damage. x2
You miss something. Something completely misses you. Something hits you.
* * * LOW HITPOINT WARNING * * *
You bludgeon something!! Trog accepts your kill.
Trog appreciates your killing of a magic user.
Reactivating autopickup.
You feel a bit more experienced.
You sock the worm!
The worm is heavily wounded.
The orc priest miscasts a cantrip.
The worm barely misses you.
You sock the worm!
The worm is almost dead.
You feel yourself speed up. The worm barely misses you.
You barely miss the worm.
The worm is almost dead.
The worm bites you!
* * * LOW HITPOINT WARNING * * *
You barely miss the worm.
The worm is severely wounded.
The worm bites you!
* * * LOW HITPOINT WARNING * * *
You barely miss the worm.
The worm is severely wounded.
The orc priest mumbles some strange prayers to Beogh against you.
Beogh smites you!
You die...

#....#...#..#######.# #.#
#........##.......#.# #.#
#..#._.#.########.#.# #.#
#......[.# ######.#.# #.#
#....#..........[...###.#
#........########....##.#
#...###.## ####.##.# #...
..###########...#.# ##.#
##...(...@wo.....# #.#
#.#########...### #.# #.#
####.## #.# #.# #....#
#.######.# #.##.##
##.#...##.# #.##{w########
.....#....# #.###........#
##.....#############.....###.
....#.##........ #.....#


You could see a worm and an orc priest.

Vanquished Creatures
  Prince Ribbit (D:4)
  Grinder (D:5)
  Sigmund (D:2)
  Menkaure (D:5)
  An ice beast (D:6)
  A black bear (D:4)
  2 ogres
  An orc warrior (D:6)
  A phantom (D:4)
  Blork the orc (D:5)
  A scorpion (D:4)
  A jelly (D:5)
  Crazy Yiuf (D:3)
  2 orc priests (D:3)
  4 hounds
  Jessica (D:3)
  Terence (D:2)
  3 orc wizards (D:6)
  Ijyb (D:3)
  2 iguanas
  Robin (D:2)
  7 adders
  5 worms
  2 dart slugs
  7 orcs
  9 ball pythons
  7 bats
  6 endoplasms
  8 giant cockroaches
  19 goblins
  7 hobgoblins
  8 kobolds
  4 frilled lizards
  4 rats
122 creatures vanquished.

Vanquished Creatures (others)
  14 plants
14 creatures vanquished.

Grand Total: 136 creatures vanquished

Notes
Turn   | Place    | Note
-------+----------+-------------------------------------------
     0 | D:1      | Muataran the Ogre Berserker began the quest for the Orb.
     0 | D:1      | Reached XP level 1. HP: 24/24 MP: 1/1
    93 | D:1      | Reached XP level 2. HP: 32/32 MP: 2/2
   237 | D:1      | Reached skill level 1 in Armour
   303 | D:1      | Reached XP level 3. HP: 40/40 MP: 3/3
   601 | D:2      | Reached ** piety under Trog
   613 | D:2      | Found a burning altar of Makhleb.
   639 | D:2      | Reached XP level 4. HP: 38/49 MP: 4/4
   761 | D:2      | Noticed Terence
   770 | D:2      | Killed Terence
   771 | D:2      | Reached skill level 5 in Fighting
   771 | D:2      | Reached skill level 1 in Throwing
  1079 | D:2      | Noticed Robin
  1088 | D:2      | Killed Robin
  1089 | D:2      | Reached XP level 5. HP: 57/57 MP: 5/5
  1388 | D:2      | Noticed Sigmund
  1394 | D:2      | Killed Sigmund
  1395 | D:2      | Reached XP level 6. HP: 67/67 MP: 6/6
  2080 | D:3      | Noticed Ijyb
  2088 | D:3      | Killed Ijyb
  2446 | D:3      | Found a runed translucent door.
  2449 | D:3      | Noticed Crazy Yiuf
  2456 | D:3      | Killed Crazy Yiuf
  2457 | D:3      | Reached skill level 6 in Fighting
  2737 | D:3      | Found a faded altar of an unknown god.
  2769 | D:3      | Found an ancient bone altar of Kikubaaqudgha.
  2872 | D:3      | Noticed Jessica
  2883 | D:3      | Killed Jessica
  2973 | D:3      | Found Ezylohamowk's Weapon Emporium.
  3038 | D:3      | Found an opulent altar of Gozag.
  3142 | D:3      | Reached XP level 7. HP: 38/75 MP: 7/7
  3705 | D:4      | Found a blossoming altar of Fedhas.
  4108 | D:5      | Entered Level 5 of the Dungeon
  4108 | D:5      | Noticed Grinder
  4276 | D:5      | Noticed Prince Ribbit
  4291 | D:4      | Killed Prince Ribbit
  4292 | D:4      | Reached skill level 7 in Fighting
  4292 | D:4      | Reached skill level 5 in Maces & Flails
  4292 | D:4      | Reached XP level 8. HP: 64/87 MP: 8/8
  4671 | D:5      | Killed Grinder
  5175 | D:5      | Noticed Menkaure
  5307 | D:5      | Killed Menkaure
  5495 | D:5      | Reached skill level 8 in Fighting
  5551 | D:5      | Noticed Blork the orc
  5552 | D:5      | Killed Blork the orc
  5887 | D:6      | Reached skill level 5 in Throwing
  5967 | D:6      | Found a radiant altar of Vehumet.
  5977 | D:6      | Reached XP level 9. HP: 90/96 MP: 9/9
  6175 | D:6      | Found a snail-covered altar of Cheibriados.
  6242 | D:6      | HP: 1/97 [worm (7)]
  6243 | D:6      | Killed from afar by an orc priest

Illustrated notes

Levels and vault maps discovered:
D:1:      spicycebolla_arrival_clurvy, layout_rooms, serial_park_tiny_1,
          minmay_misc_feat_four_crosses
D:2:      layout_loops_corners, basic_altar, uniq_robin, uniq_terence,
          uniq_sigmund
D:3:      layout_basic, grunt_gozag_breadcrumbs,
          mainiacjoe_overflow_surrounded_room, serial_curves, eino_curves_01,
          eino_curves_02, eino_curves_03, eino_curves_03,
          chequers_ecumenical_altar_lobes, serial_shops,
          nicolae_shop_bloodbath_and_beyond, kennysheep_generic_room_6,
          uniq_crazy_yiuf_cottage, uniq_jessica, uniq_ijyb
D:4:      layout_loops_ring, fedhas_altar_2
D:5:      layout_cave_pods, grunt_ministairs_1, kennysheep_another_room,
          uniq_grinder, uniq_blork_the_orc, uniq_prince_ribbit1, uniq_menkaure
D:6:      layout_loops_ring, vehumet_altar_wand_db, kennysheep_mini_moat,
          slow_altar_1, serial_shops, shop, bh_walls_and_bars

Skill      XL: |  1  2  3  4  5  6  7  8 |
---------------+-------------------------+-----
Maces & Flails | 3 4 5 6 |  6.3
Armour         | 1 2 |  2.6
Fighting       | 5 6 7 8 |  8.4
Throwing       | 1 2 4 5 |  5.2
Dodging        | 3 4 |  4.9

Action                   |  1- 3 |  4- 6 |  7- 9 || total
-------------------------+-------+-------+-------++-------
Melee: Mace              |    31 |       |       ||    31
       Hand axe          |    57 |   161 |    70 ||   288
       Punch             |       |     3 |     1 ||     4
       Giant club        |       |       |    82 ||    82
Invok: Berserk           |     1 |     6 |     7 ||    14
       Trog's Hand       |       |       |     1 ||     1
  Use: Potion            |       |       |     2 ||     2
 Stab: Sleeping          |     1 |       |       ||     1
Armor: Animal skin       |    37 |    48 |    16 ||   101
       Robe              |       |       |    40 ||    40
Dodge: Dodged            |    56 |    68 |    75 ||   199

Table legend: (Time is in decaauts)
 A = Elapsed time spent in this place.
 B = Non-inter-level travel time spent in this place.
 C = Inter-level travel time spent in this place.
 D = Time resting spent in this place.
 E = Time spent auto-exploring this place.
 F = Levels seen in this place.
 G = Mean time per level.
                   A        B        C        D        E       F      G
               +--------+--------+--------+--------+--------+-----+--------+
         Total |   6454 |   6283 |    171 |   1493 |   3765 |   6 | 1075.7 |
       Dungeon |   6454 |   6283 |    171 |   1493 |   3765 |   6 | 1075.7 |
               +--------+--------+--------+--------+--------+-----+--------+

Top non-repeatable levels by time:
     D:3: 1451 daAuts
     D:2: 1366 daAuts
     D:5: 1335 daAuts
     D:4: 1209 daAuts
     D:1: 594 daAuts
     D:6: 498 daAuts
